 Dungeon Crawl Stone Soup version 0.24.0-13-gcf9b319 (webtiles) character file.

Game seed: 425309546063807773, levelgen mode: deterministic

2 Afromullet the Grasshopper (level 1, 0/20 HPs)
             Began as a Gnoll Warper on Feb 5, 2020.
             Slain by a rat (1 damage)
             ... on level 2 of the Dungeon.
             The game lasted 00:00:22 (42 turns).

Afromullet the Grasshopper (Gnoll Warper)             Turns: 42, Time: 00:00:23

Health: 0/20       AC:  3    Str: 13    XL:     1   Next: 40%
Magic:  6/6        EV: 14    Int: 15    God:
Gold:   0          SH:  0    Dex: 14    Spells: 9/9 levels left

rFire    + . .     SeeInvis .   a - +0 mace
rCold    . . .     Gourm    .   (no shield)
rNeg     . . .     Faith    .   b - +0 leather armour
rPois    .         Spirit   .   (no helmet)
rElec    .         Reflect  .   (no cloak)
rCorr    .         Harm     .   (no gloves)
MR       .....                  (no boots)
Stlth    +.........             (no amulet)
HPRegen  0.06/turn              c - ring of protection from fire
MPRegen  0.10/turn              (no ring)

@: no status effects
A: distributed training, fangs 1, strong nose
a: no special abilities


You were on level 2 of the Dungeon.
You were not hungry.

You visited 1 branch of the dungeon, and saw 2 of its levels.

Inventory:

Hand Weapons
 a - a +0 mace (weapon)
Missiles
 e - 5 boomerangs of dispersal (quivered)
 i - 7 boomerangs
Armour
 b - a +0 leather armour (worn)
Jewellery
 c - a ring of protection from fire (left hand)
Scrolls
 d - a scroll of blinking
 h - a scroll of identify {unknown}
Potions
 g - a potion of curing {unknown}
Comestibles
 f - a ration


   Skills:
 + Level 4.4 Fighting
 + Level 0.0 Short Blades
 + Level 0.0 Long Blades
 + Level 0.0 Axes
 + Level 4.4 Maces & Flails
 + Level 0.0 Polearms
 + Level 0.0 Staves
 + Level 0.0 Slings
 + Level 0.0 Bows
 + Level 0.0 Crossbows
 + Level 2.3 Throwing
 + Level 2.3 Armour
 + Level 4.4 Dodging
 + Level 0.0 Stealth
 + Level 0.0 Shields
 + Level 0.0 Unarmed Combat
 + Level 4.8 Spellcasting
 + Level 0.0 Conjurations
 + Level 0.0 Hexes
 + Level 0.0 Charms
 + Level 0.0 Summonings
 + Level 0.0 Necromancy
 + Level 5.3 Translocations
 + Level 0.0 Transmutations
 + Level 0.0 Fire Magic
 + Level 0.0 Ice Magic
 + Level 0.0 Air Magic
 + Level 0.0 Earth Magic
 + Level 0.0 Poison Magic
 + Level 0.1 Invocations
 + Level 0.0 Evocations


You had 9 spell levels left.
You didn't know any spells.
Your spell library contained the following spells:

 Spells                   Type           Power        Failure   Level  Hunger
 Blink                    Tloc           N/A          3%          2    ##.....
 Gell's Gravitas          Tloc           ###.......   7%          3    ###....
 Lesser Beckoning         Tloc           ###.......   7%          3    ###....
 Teleport Other           Tloc           ###.....     7%          3    ###....
 Shroud of Golubria       Chrm/Tloc      ##....       11%         2    ##.....
 Passage of Golubria      Tloc           N/A          24%         4    ####...


Dungeon Overview and Level Annotations

Branches:
Dungeon (1/15)

Altars:


Innate Abilities, Weirdness & Mutations

Your experience applies equally to all skills.
You have very sharp teeth.
Your uncanny sense of smell can sniff out nearby items.


Message History

The bat closely misses you. The rat bites you. The hobgoblin hits you.
* * * LOW HITPOINT WARNING * * *
Things that are here:
a +0 club; a cursed -3 dagger; a goblin corpse The bat closely misses you.
The rat closely misses you. The bat barely misses you.
The bat closely misses you. The rat barely misses you.
The bat hits you but does no damage.
You see here 7 boomerangs.
The bat hits you.
* * * LOW HITPOINT WARNING * * *
The bat misses you. The frilled lizard closely misses you.
The rat bites you but does no damage. x2
i - 7 boomerangs The bat barely misses you.
The bat closely misses you. The frilled lizard bites you.
* * * LOW HITPOINT WARNING * * *
The rat bites you.
You die...

#.......##.#..
#......###.##≈
#########....## #.#
. #......##....#
#.#
#......#.....####.#
#..................
#......).....#####.
#..grr.##....#
#..b@l.#######
#......# #......#
########


You could see a hobgoblin, a bat, a frilled lizard and 2 rats.

Vanquished Creatures
  A goblin (D:2)
  A hobgoblin (D:2)
2 creatures vanquished.

Notes
Turn   | Place    | Note
-------+----------+-------------------------------------------
     0 | D:1      | Afromullet the Gnoll Warper began the quest for the Orb.
     0 | D:1      | Reached XP level 1. HP: 20/20 MP: 6/6
    15 | D:1      | You fall into a shaft and drop 1 floor!
    42 | D:2      | HP: 1/20 [frilled lizard (2)]
    42 | D:2      | Slain by a rat

Levels and vault maps discovered:
D:1:      dpeg_arrival_windows_large_door, layout_basic, minmay_tromino_v4_a
D:2:      layout_rooms, nicolae_overflow_hidden_temple, grunt_qazlal_sundering

Action                   || total
-------------------------++-------
Melee: Mace              ||     5
Armor: Leather armour    ||    12
Dodge: Dodged            ||    44
